 Dungeon Crawl Stone Soup version 0.10.0-21-g6e717ff character file.

1480 phyphor the Cleaver (level 8, 0/69 HPs)
             Began as a Minotaur Berserker on Mar 2, 2012.
             Was a High Priest of Trog.
             Slain by an orc warrior
             ... wielding a -1,+0 orcish halberd
              (17 damage)
             ... on Level 7 of the Dungeon.
             The game lasted 00:13:01 (4542 turns).

phyphor the Cleaver (Minotaur Berserker)            Turns: 4542, Time: 00:13:01

HP   0/69        AC 13     Str 23      XL: 8   Next: 34%
MP   2/2         EV 10     Int  4      God: Trog [*****.]
Gold 258         SH  0     Dex 11      Spells:  0 memorised,  7 levels left

Res.Fire  : . . .   See Invis. : .   D - +1,+3 orc war axe
Res.Cold  : . . .   Warding    : . . u - +0 splint mail
Life Prot.: . . .   Conserve   : .   (no shield)
Res.Acid. : . . .   Res.Corr.  : .   L - +0 wizard hat
Res.Poison: .       Clarity    : +   l - +0 elf cloak
Res.Elec. : .       Spirit.Shd : .   (no gloves)
Sust.Abil.: . .     Stasis     : .   (no boots)
Res.Mut.  : .       Ctrl.Telep.: .   w - amulet of clarity
Res.Rott. : .       Levitation : .   B - +2 ring of protection
Saprovore : . . .   Ctrl.Flight: .   f - +4 ring of evasion

@: regenerating, very resistant to hostile enchantments, extremely unstealthy
A: retaliatory headbutt, horns 2
a: Burn Spellbooks, Berserk, Trog's Hand, Brothers in Arms, Renounce Religion


You were on level 7 of the Dungeon.
You worshipped Trog.
Trog was extremely pleased with you.
You were not hungry.

You visited 1 branch of the dungeon, and saw 7 of its levels.

You collected 238 gold pieces.

Inventory:

Hand weapons
 a - a +0,-1 hand axe {=f}
 D - a +1,+3 orcish war axe (weapon)
Armour
 l - a +0 elven cloak (worn)
 u - a +0 splint mail (worn)
 L - a +0 wizard hat (worn)
Comestibles
 c - 4 bread rations
 k - 3 meat rations
 o - an apple
 t - a pear
 K - a choko
 M - 8 beef jerkies
Scrolls
 b - 7 scrolls of identify {unknown}
 d - 2 scrolls of detect curse {unknown}
 h - 3 scrolls of recharging {unknown}
 j - 3 scrolls of remove curse {unknown}
 n - a scroll of enchant armour {unknown}
 p - 4 scrolls of fog {unknown}
 s - 2 scrolls of random uselessness {unknown}
 y - 4 scrolls of teleportation {unknown}
 A - a scroll of amnesia {unknown}
 I - a scroll of curse jewellery {unknown}
 O - a scroll of magic mapping {unknown}
Jewellery
 f - a +4 ring of evasion (left hand)
 i - an uncursed ring of protection from magic {unknown}
 w - an amulet of clarity (around neck)
 B - a +2 ring of protection (right hand)
 G - an uncursed ring of ice {unknown}
Potions
 e - 2 potions of might {unknown}
 g - 8 potions of curing {unknown}
 m - 2 potions of slowing {unknown}
 q - 2 potions of confusion {unknown}
 r - 2 potions of poison {unknown}
 v - a potion of restore abilities {unknown}
 x - a potion of brilliance {unknown}
 z - a potion of degeneration {unknown}
 C - 2 potions of heal wounds {unknown}
 E - a potion of levitation {unknown}
 F - a potion of resistance {unknown}
 H - a potion of speed {unknown}
 J - a potion of blood {unknown}


   Skills:
 + Level 6.2 Fighting
 * Level 10.3 Axes
 + Level 5.1 Armour
 - Level 2.1 Dodging


You had 7 spell levels left.
You didn't know any spells.

Dungeon Overview and Level Annotations

Branches:
Dungeon (7/27)             Temple (0/1) D:7
    Orc: D:6-11

Altars:
Elyvilon

Annotations
D:6 Prince Ribbit


Innate Abilities, Weirdness & Mutations

You reflexively headbutt those who attack you in melee.
You have a pair of horns on your head.


Message History

You closely miss the kobold. The kobold barely misses you.
You slash the kobold!
You kill the kobold!
Trog accepts your kill.
The orc warrior hits you but does no damage.
You slash the orc but do no damage. Your headbutt misses the orc.
The orc warrior hits you from afar with an orcish halberd!
* * * LOW HITPOINT WARNING * * *
The orc hits you but does no damage.
Use which ability? (? or * to list)
Your skin crawls.
You feel resistant to hostile enchantments.
You feel slightly more hungry. The orc warrior completely misses you.
The orc hits you but does no damage.
Unknown command.
Unknown command.
You slash the orc. You headbutt the orc.
The orc is severely wounded.
The orc warrior hits you from afar with an orcish halberd!
You die... ### ... #.f.... #...... #.|..... #....... ##.....$ #...... ...... #..... #.... +.a.. ?*o hoo

#o# #. #o# #@# #.
##.####### #.## #.
#........# #..# #.
#..$.....# ###.######
##. ##........#
#........### #..
...........
#..........## #..
##........#
#..........#..#####..
#.8.#.....#
###........##........
.....#####
#........########..


You could see an orc warrior, an orc and a giant spore.

Vanquished Creatures
  The ghost of Elynae the Skirmisher, an experienced HOWn of Okawaru (D:6)
  An ice beast (D:5)
  2 phantoms
  2 giant frogs (D:6)
  A water moccasin (D:5)
  A quasit (D:7)
  A hound (D:7)
  An iguana (D:7)
  A scorpion (D:5)
  3 orc wizards
  2 jellies
  2 gnolls
  5 adders
  2 adder skeletons
  2 giant mites (D:4)
  A bat zombie (D:5)
  4 giant geckos
  A gnoll skeleton (D:6)
  An ooze (D:2)
  21 orcs
  A ball python (D:3)
  6 giant cockroaches
  10 goblins
  11 hobgoblins
  12 jackals
  11 bats
  6 giant newts
  A hobgoblin skeleton (D:4)
  10 kobolds
  A kobold skeleton (D:5)
  2 quokkas
  15 rats
  A rat zombie (D:5)
142 creatures vanquished.

Notes
Turn   | Place    | Note
--------------------------------------------------------------
     0 | D:1      | phyphor, the Minotaur Berserker, began the quest for the Orb.
     0 | D:1      | Reached XP level 1. HP: 19/19 MP: 0/0
   297 | D:1      | Reached skill level 4 in Axes
   297 | D:1      | Reached XP level 2. HP: 24/26 MP: 0/0
   584 | D:1      | Acquired Trog's second power
   757 | D:2      | Reached skill level 5 in Axes
   757 | D:2      | Reached XP level 3. HP: 33/33 MP: 1/1
   969 | D:2      | Noticed a jelly
   976 | D:2      | Killed a jelly
  1040 | D:2      | Reached XP level 4. HP: 40/40 MP: 1/1
  1155 | D:2      | Found a white marble altar of Elyvilon.
  1157 | D:2      | Reached skill level 6 in Axes
  1576 | D:3      | Reached skill level 5 in Fighting
  1992 | D:3      | Reached XP level 5. HP: 47/47 MP: 1/1
  2295 | D:4      | Reached skill level 7 in Axes
  2345 | D:4      | Reached XP level 6. HP: 46/53 MP: 2/2
  2877 | D:5      | Entered Level 5 of the Dungeon
  2913 | D:5      | Reached skill level 8 in Axes
  2925 | D:5      | Acquired Trog's third power
  3568 | D:5      | Reached XP level 7. HP: 57/60 MP: 2/2
  3711 | D:6      | Reached skill level 9 in Axes
  3857 | D:6      | Noticed Elynae's ghost (experienced HOWn)
  3871 | D:6      | Killed Elynae's ghost
  4009 | D:6      | Reached skill level 10 in Axes
  4009 | D:6      | Reached XP level 8. HP: 64/69 MP: 2/2
  4014 | D:6      | Noticed Prince Ribbit
  4346 | D:6      | Reached skill level 5 in Armour
  4410 | D:7      | Found a staircase to the Ecumenical Temple.
  4542 | D:7      | Slain by an orc warrior
